 Dungeon Crawl Stone Soup version 0.21.1-1-g345015fe64 (webtiles) character file.

58 PrinceOfStrings the Bolt Thrower (level 3, -1/30 HPs)
             Began as a Centaur Arcane Marksman on June 1, 2018.
             Killed by nerve-wracking pain
             ... invoked by an orc priest
              (11 damage)
             ... on level 2 of the Dungeon.
             The game lasted 00:13:27 (1689 turns).

PrinceOfStrings the Bolt Thrower (CeAM)             Turns: 1689, Time: 00:13:28

Health: -1/30      AC:  4    Str: 12    XL:     3   Next: 76%
Magic:  2/4        EV:  9    Int: 12    God:
Gold:   59         SH:  0    Dex: 10    Spells: 3/4 levels left

rFire    . . .     SeeInvis .   a - +0 hand crossbow
rCold    . . .     Gourm    .   (no shield)
rNeg     . . .     Faith    .   e - +0 robe
rPois    .         Spirit   .   (no helmet)
rElec    .         Reflect  .   (no cloak)
rCorr    .         Harm     .   (no gloves)
MR       .....                  (no barding)
Stlth    +.........             (no amulet)
HPRegen  0.10/turn              (no ring)
MPRegen  0.09/turn              (no ring)

@: very quick
A: large, hooves 3, deformed body, speed 2, tough skin 3
a: no special abilities


You were on level 2 of the Dungeon.
You were not hungry.

You visited 1 branch of the dungeon, and saw 3 of its levels.

You collected 59 gold pieces.

Inventory:

Hand Weapons
 a - a +0 hand crossbow (weapon)
Missiles
 i - 26 arrows
 j - 10 poisoned needles
Armour
 e - a +0 robe (worn)
 m - a cursed +0 leather armour
Jewellery
 h - an uncursed ring of resist corrosion {unknown}
Scrolls
 g - 2 scrolls of remove curse {unknown}
 k - 2 scrolls of identify {unknown}
Potions
 b - 2 potions of invisibility {unknown}
Books
 c - a book of Debilitation

   Spells                             Type                      Level
   a - Corona                         Hexes                        1
   b - Slow                           Hexes                        2
   c - Inner Flame                    Hexes/Fire                   3
   d - Portal Projectile              Hexes/Translocation          3
   e - Cause Fear                     Hexes                        4
   f - Leda's Liquefaction            Hexes/Earth                  4
Comestibles
 f - 4 rations
 l - 2 chunks of flesh


   Skills:
 + Level 2.6 Fighting
 + Level 3.5 Crossbows
 - Level 1.3 Dodging
 - Level 1.0 Spellcasting
 - Level 2.6 Hexes


You had 3 spell levels left.
You knew the following spells:

 Your Spells              Type           Power        Failure   Level  Hunger
a - Corona                Hex            #......      10%         1    ##.....


Dungeon Overview and Level Annotations

Branches:
Dungeon (3/15)

Altars:


Innate Abilities, Weirdness & Mutations

You have hooves in place of feet.
Armour fits poorly on your strangely shaped body.
You cover ground very quickly.
You have extremely tough skin. (AC +3)


Message History

Your kick misses the orc. The orc hits you but does no damage.
You clumsily bash the orc but do no damage.
The orc hits you with a flail of protection!
* * * LOW HITPOINT WARNING * * *
The orc hits you but does no damage.
Your magical contamination has completely faded away.
There is a stone staircase leading down here.
Firing (i - inventory): No suitable missiles.
Press: ? - help, Shift-Dir - straight line, f - you
Okay, then.
You can't go up here!
You climb downwards.
A hobgoblin comes into view.
Found 29 gold pieces.
There is a stone staircase leading up here.
You climb upwards.
There is a stone staircase leading down here.
The orc priest calls down the wrath of Beogh upon you.
Pain shoots through your body!
You die...

######################
#........o.>..........
#.#.#.#.#####.########
#..##.##.####.# #
#....@....o...########
#..##.##..###.....o.o.
#.#.#.#...# #..#######
#.##....#.###.## #oo.
#.###.#.#.....# #l##
###.###.#.###.#.# #(#
#####.%).......<..#.#####l#
#.....#................##(#
#.#####.............##.##w#


You could see an orc priest.

Vanquished Creatures
  Terence (D:1)
  A leopard gecko (D:1)
  A ball python (D:1)
  5 giant cockroaches
  5 goblins
  3 hobgoblins
  2 bats (D:1)
  4 frilled lizards
  7 kobolds
  2 rats
31 creatures vanquished.

Notes
Turn   | Place    | Note
-------+----------+-------------------------------------------
     0 | D:1      | PrinceOfStrings the Centaur Arcane Marksman began the quest for the Orb.
     0 | D:1      | Reached XP level 1. HP: 16/16 MP: 2/2
   382 | D:1      | Reached XP level 2. HP: 23/23 MP: 1/3
   742 | D:1      | Reached skill level 3 in Crossbows
  1138 | D:2      | Noticed Terence
  1194 | D:1      | Killed Terence
  1194 | D:1      | Reached XP level 3. HP: 11/30 MP: 1/4
  1689 | D:2      | Killed from afar by an orc priest

Skill      XL: |  1  2 |
---------------+-------+-----
Fighting       | 2 |  2.6
Crossbows      | 3 |  3.5
Dodging        | |  1.3
Spellcasting   | |  1.0
Hexes          | |  2.6

Action                   || total
-------------------------++-------
Melee: Hand crossbow     ||     5
       Kick              ||     1
 Fire: Hand crossbow     ||    90
 Cast: Corona            ||    34
  Eat: Chunk             ||     3
Armor: Robe              ||    30
Dodge: Dodged            ||    32
